Map: zealot immortal guide

Players

Miszu

  • Race: Protoss Protoss
  • League: Master

Player 2

  • Race: Zerg Zerg

VOD

Have the link to the VOD?

Description

Time

  • Played on: April 7, 2016, 11:03 a.m.
  • Length: 1:33
Show
View Real Time Build Order
Export as new Build Order

Miszu Protoss 

Build Orders:  

Get SALT Encoding   

  12  0:00  Probe x12 (Chrono Boost)  
  12  0:06  Unknown  
  13  0:07  Probe (Chrono Boost)  
  14  0:24  Probe (Chrono Boost)  
  14  0:31  Pylon  
  15  0:46  Probe (Chrono Boost)  
  15  0:56  Gateway  
  16  1:06  Probe (Chrono Boost)  
  16  1:10  Assimilator  
  16  1:18  Probe (Chrono Boost)  
Show
View Real Time Build Order
Export as new Build Order

Player 2 Zerg 

Build Orders:  

Get SALT Encoding   

  12  0:00  Overlord, Drone x12  
  12  0:06  Unknown  
  13  0:14  Drone  
  13  0:21  Drone  
  14  0:37  Overlord  
  17  1:02  Drone  
  17  1:03  Drone x2  
  17  1:13  Drone  
  18  1:25  Hatchery  
Tags
 
Add a new tag
Caveats
  • Supply blocks, unpowered buildings, or Contaminate may cause inaccurate times.
  • Supply counts are checked every 10 seconds.